 Dungeon Crawl Stone Soup version 0.30-a0-469-g84de5afbc5 (webtiles) character file.

Game seed: 8398724035985736118

8954 cforsyth the Protected (level 11, -4/103 HPs)
             Began as an Armataur Gladiator on Dec 19, 2022.
             Was a Priest of Okawaru.
             Slain by Fannar
             ... wielding a +0 quarterstaff of freezing
              (9 damage)
             ... on level 11 of the Dungeon.
             The game lasted 00:19:07 (13841 turns).

cforsyth the Protected (Armataur Gladiator)        Turns: 13841, Time: 00:19:08

Health: -4/103     AC: 18    Str: 26    XL:     11   Next: 16%
Magic:  10/11      EV: 11    Int:  9    God:    Okawaru [***...]
Gold:   1556       SH: 11    Dex: 12    Spells: 10/10 levels left

rFire   . . .      SeeInvis .    a - +1 flail
rCold   . . .      Faith    .    G - +0 buckler
rNeg    . . .      Spirit   .    r - +4 ring mail of Kaovohakh {Harm}
rPois   .          Reflect  +    c - +0 helmet
rElec   .          Harm     +    L - +2 cloak of Hadet {Str+3}
rCorr   .          Roll     +    (no gloves)
Will    .....                    (no barding)
Stlth   ++........               o - amulet of reflection
HPRegen 0.37/turn                (no ring)
MPRegen 0.12/turn                (no ring)

@: mighty, heroic, studying Maces & Flails
A: large, rugged brown scales 3, deformed body, armoured tail, roll, long
tongue, awkward tongue
a: Renounce Religion, Heroism


You were on level 11 of the Dungeon.
You worshipped Okawaru.
Okawaru was most pleased with you.
You visited 1 branch of the dungeon, and saw 11 of its levels.

You collected 1556 gold pieces.

Inventory:

Hand Weapons
 a - a +1 flail (weapon)
Missiles
 d - 3 throwing nets (quivered)
 e - 3 javelins
Armour
 c - a +0 helmet (worn)
 r - the +4 ring mail of Kaovohakh (worn) {Harm}
   (You found it on level 3 of the Dungeon)

   Harm:      It increases damage dealt and taken.
 F - a +0 cloak
 G - a +0 buckler (worn)
 L - the +2 cloak of Hadet (worn) {Str+3}
   (You found it on level 11 of the Dungeon)

   Str:       It affects your strength (+3).
Jewellery
 o - an amulet of reflection (around neck)
Wands
 b - a wand of flame (11)
 E - a wand of digging (8)
Scrolls
 f - 2 scrolls of identify
 i - 4 scrolls of teleportation
 j - 2 scrolls of poison
 l - a scroll of vulnerability
 n - 2 scrolls of enchant weapon
 p - a scroll of noise {unknown}
 q - 3 scrolls of immolation
 s - a scroll of torment {unknown}
 u - 3 scrolls of blinking
 v - 4 scrolls of fog
 y - a scroll of amnesia
 z - 4 scrolls of enchant armour
 D - a scroll of fear {unknown}
 H - a scroll of silence {unknown}
 J - a scroll of magic mapping {unknown}
Potions
 g - 2 potions of brilliance
 h - 2 potions of curing
 k - 5 potions of flight
 m - 2 potions of heal wounds
 t - 3 potions of lignification
 w - a potion of attraction
 x - a potion of haste {unknown}
 A - 4 potions of mutation
 B - 3 potions of invisibility {unknown}
 I - a potion of berserk rage {unknown}
 K - 2 potions of ambrosia {unknown}


   Skills:
 + Level 9.2(14.2) Fighting
 + Level 11.3(16.3) Maces & Flails
 - Level 1.7(6.7) Throwing
 + Level 11.5(16.5) Armour
 - Level 2.1(7.1) Dodging
 - Level 5.0(10.0) Shields


You had 10 spell levels left.
You didn't know any spells.
Your spell library contained the following spells:

 Spells                   Type           Power      Damage    Failure   Level
 Necrotise                Necr           0%         1d4       52%         1
 Shock                    Conj/Air       0%         1d3       52%         1
 Dazzling Flash           Conj/Hex       0%         N/A       88%         3
 Swiftness                Air            0%         N/A       88%         3
 Vampiric Draining        Necr           0%         2d6       88%         3
 Airstrike                Air            0%         2d(0-16)  99%         4
 Agony                    Necr           0%         N/A       100%        5
 Fireball                 Conj/Fire      0%         3d3       100%        5
 Iskenderun's Battlesphe  Conj           0%         2d6       100%        5
 Silence                  Hex/Air        0%         N/A       100%        5
 Conjure Ball Lightning   Conj/Air       0%         3x3d6     100%        6
 Orb of Destruction       Conj           0%         9d5       100%        7


Dungeon Overview and Level Annotations

Branches:
Dungeon (11/15)            Temple (0/1) D:4            Lair (0/5) D:9
    Orc (0/2) D:9

Altars:
Ashenzari
Dithmenos
Fedhas
Gozag
Hepliaklqana
Kikubaaqudgha
Makhleb
Nemelex Xobeh
Okawaru
Qazlal
Sif Muna
Trog
Uskayaw
Vehumet
Wu Jian
Yredelemnul

Shops:
D:5 (=((   D:11 *

Annotations:
D:5 exclusion: oklob plant
D:9 2 transporters
D:11 Fannar


Innate Abilities, Weirdness & Mutations

You are completely covered in rugged brown scales. (AC +3, +7% HP)
Armour fits poorly on your strangely shaped body.
You have a long armoured tail.
You roll when moving toward enemies. (Rampage)
Your long tongue fully drains potion bottles. (2x potion effects)
Your tongue gives you trouble enunciating. (1.5x scroll delay)


Message History

You barely miss Fannar.
Your tail-slap misses Fannar.
Fannar is lightly wounded.
The ice beast hits you but does no damage.
The ice beast closely misses you.
You bludgeon Fannar!!
Fannar is heavily wounded.
Fannar hits you but does no damage. The ice beast completely misses you.
You block the ice beast's attack.
You closely miss Fannar.
Fannar is heavily wounded.
Fannar hits you but does no damage. You block the ice beast's attack.
The ice beast hits you but does no damage.
You hit Fannar.
Your tail-slap misses Fannar.
Fannar is severely wounded.
Fannar hits you with a +0 quarterstaff of freezing.
* * * LOW HITPOINT WARNING * * *
Fannar freezes you.
* * * LOW HITPOINT WARNING * * *
You closely miss Fannar.
Your tail-slap misses Fannar.
Fannar is severely wounded.
You block the ice beast's attack.
The ice beast hits you but does no damage.
You completely miss Fannar.
Fannar is severely wounded.
Fannar barely misses you.
The ice beast hits you but does no damage. x2
You hit Fannar.
Fannar is severely wounded.
Fannar hits you with a +0 quarterstaff of freezing!
* * * LOW HITPOINT WARNING * * *
Fannar freezes you.
* * * LOW HITPOINT WARNING * * *
The ice beast hits you but does no damage.
You block the ice beast's attack.
You closely miss Fannar.
Fannar is severely wounded.
You hit Fannar.
Fannar is severely wounded.
Fannar hits you with a +0 quarterstaff of freezing!
You die...

.......#.....................
.......#......................
.......#.......................
.......#.......................
#############..#.....###
#.......#........
#.......#........
#.......#.Y......
#.......#@.......
#.......#eY......
#.......#C.......
#########....#### .......
........ ......... ..........


You could see Fannar, a cyclops and 2 ice beasts.

Vanquished Creatures
  A boulder beetle (D:11)
  Pikel (D:4)
  A cyclops (D:7)
  A manticore (D:10)
  An elephant (D:8)
  Psyche (D:11)
  A troll (D:9)
  A hornet (D:8)
  Grinder (D:4)
  2 wyverns
  15 yaks
  A basilisk (D:8)
  An acid dragon (D:11)
  2 water moccasins (D:9)
  An ice beast (D:6)
  An orc warrior (D:10)
  4 black bears
  4 ogres
  5 centaurs
  A phantom (D:4)
  2 lemures (D:4)
  2 bullfrogs
  4 scorpions
  4 killer bees (D:10)
  A vampire bat (D:3)
  2 howler monkeys
  4 hounds
  A jelly (D:8)
  3 gnoll boudas
  3 orc priests
  3 iguanas
  Natasha (twice) (D:2)
  11 orc wizards
  Robin (D:3)
  11 gnolls
  8 adders
  A shadow imp (D:5)
  A white imp (D:6)
  3 ufetubi
  A worm (D:3)
  4 dart slugs
  27 orcs
  6 bats
  5 bat zombies (D:3)
  2 endoplasms
  6 giant cockroaches
  7 hobgoblins
  6 kobolds
  A quokka (D:5)
  7 ball pythons
  2 frilled lizards
  12 goblins
  6 rats
205 creatures vanquished.

Notes
Turn   | Place    | Note
-------+----------+-------------------------------------------
     0 | D:1      | cforsyth the Armataur Gladiator began the quest for the
                  | Orb.
     0 | D:1      | Reached XP level 1. HP: 18/18 MP: 1/1
   151 | D:1      | Reached skill level 1 in Armour
   152 | D:1      | Reached XP level 2. HP: 25/25 MP: 2/2
   283 | D:1      | Found a faded altar of an unknown god.
  1166 | D:2      | Reached XP level 3. HP: 19/32 MP: 3/3
  1527 | D:2      | Noticed Natasha
  1539 | D:2      | Killed Natasha
  1616 | D:2      | Found a hide-covered altar of Uskayaw.
  1776 | D:2      | Noticed Natasha
  1781 | D:2      | Killed Natasha
  1782 | D:2      | Reached XP level 4. HP: 39/39 MP: 4/4
  1862 | D:3      | Identified the +4 ring mail of Kaovohakh {Harm}
  2093 | D:3      | Noticed Robin
  2119 | D:3      | Killed Robin
  2477 | D:3      | Found an ancient bone altar of Kikubaaqudgha.
  2488 | D:3      | Reached XP level 5. HP: 48/48 MP: 5/5
  2979 | D:4      | Noticed an ogre
  2998 | D:4      | Killed an ogre
  2999 | D:4      | Reached XP level 6. HP: 50/55 MP: 6/6
  3216 | D:4      | You fall into a shaft and drop 2 floors!
  3305 | D:5      | Entered Level 5 of the Dungeon
  3324 | D:5      | Found Namuz's Weapon Emporium.
  3435 | D:4      | Found a broken altar of Ashenzari.
  3441 | D:4      | Reached XP level 7. HP: 62/63 MP: 7/7
  3455 | D:4      | Reached skill level 5 in Armour
  3542 | D:4      | Found a staircase to the Ecumenical Temple.
  3562 | D:4      | Found an iron altar of Okawaru.
  3566 | D:4      | Found an ornate altar of the Wu Jian Council.
  3567 | D:4      | Found a hazy altar of Hepliaklqana.
  3646 | D:4      | Reached skill level 5 in Maces & Flails
  3747 | D:4      | Noticed Grinder
  4037 | D:4      | Killed Grinder
  4038 | D:4      | Reached skill level 5 in Fighting
  4038 | D:4      | Reached XP level 8. HP: 51/72 MP: 8/8
  4367 | D:5      | Found Vagal's Weapon Shoppe.
  4442 | D:5      | Found an opulent altar of Gozag.
  4577 | D:5      | Found a blossoming altar of Fedhas.
  4598 | D:5      | Noticed an oklob plant
  4687 | D:5      | Noticed Pikel
  4977 | D:4      | Killed Pikel
  5407 | D:5      | Found a radiant altar of Vehumet.
  5449 | D:5      | Reached XP level 9. HP: 83/83 MP: 9/9
  5513 | D:5      | Found a shadowy altar of Dithmenos.
  5531 | D:5      | Found a bloodstained altar of Trog.
  5544 | D:5      | Found Gionyecu's Jewellery Shop.
  5761 | D:5      | Found Wiwiluow's Weapon Emporium.
  5926 | D:5      | Found Kiohekhla's Jewellery Emporium.
  6106 | D:6      | Identified 2 scrolls of acquirement
  6106 | D:6      | Acquired a manual of Maces & Flails
  6108 | D:6      | Acquired 842 gold pieces
  7530 | D:7      | Noticed a cyclops
  7543 | D:7      | Killed a cyclops
  7804 | D:7      | Found a burning altar of Makhleb.
  7845 | D:7      | Found a hide-covered altar of Uskayaw.
  7845 | D:7      | Found a shimmering blue altar of Sif Muna.
  8140 | D:4      | Became a worshipper of Warmaster Okawaru
  8886 | D:8      | Paralysed by a hornet for 3 turns
  8895 | D:8      | Paralysed by a hornet for 3 turns
  9388 | D:8      | Reached * piety under Okawaru
  9848 | D:9      | Reached XP level 10. HP: 89/94 MP: 10/10
  9908 | D:9      | Found a staircase to the Lair.
  9908 | D:9      | Noticed an elephant
  9942 | D:8      | Killed an elephant
  9943 | D:8      | Reached skill level 10 in Armour
  9943 | D:8      | Reached skill level 1 in Shields
 10992 | D:9      | Found a staircase to the Orcish Mines.
 11024 | D:9      | Found the +8 storm bow {elec, penet}
 11037 | D:9      | Found a transporter.
 11058 | D:9      | Found a transporter.
 11123 | D:9      | Found a faded altar of an unknown god.
 11123 | D:9      | Found a sparkling altar of Nemelex Xobeh.
 11131 | D:9      | Found a stormy altar of Qazlal.
 11133 | D:9      | Found a faded altar of an unknown god.
 11135 | D:9      | Found a basalt altar of Yredelemnul.
 11171 | D:9      | Identified the +10 hand axe of Efuboed {vamp, *Noise Str+2
                  | Int+8 Dex-3}
 11369 | D:10     | Entered Level 10 of the Dungeon
 11570 | D:10     | Noticed a manticore
 11585 | D:10     | Reached skill level 10 in Maces & Flails
 11589 | D:10     | Reached ** piety under Okawaru
 11616 | D:10     | Killed a manticore
 12985 | D:11     | Found Gozag's Platinum Reserve.
 12985 | D:11     | Found an opulent altar of Gozag.
 13011 | D:11     | Noticed a boulder beetle
 13036 | D:11     | Killed a boulder beetle
 13036 | D:11     | Reached *** piety under Okawaru
 13037 | D:11     | Reached XP level 11. HP: 38/103 MP: 11/11
 13323 | D:11     | Noticed Psyche
 13331 | D:11     | Killed Psyche
 13332 | D:11     | Reached skill level 5 in Shields
 13483 | D:11     | Identified the +6 scale mail of Kikubaaqudgha's Whim {*Slow
                  | +Inv rElec}
 13526 | D:11     | Identified the +2 cloak of Hadet {Str+3}
 13814 | D:11     | Noticed Fannar
 13839 | D:11     | HP: 5/103 [Fannar/+0 quarterstaff of freezing (2)]
 13841 | D:11     | Slain by Fannar

Illustrated notes

Levels and vault maps discovered:
D:1:      co_arrival_random_square_maze, layout_basic,
          chequers_ecumenical_altar_simple, grunt_decor_mini_mirrors
D:2:      layout_loops_corners, basic_altar, hangedman_decor_points,
          uniq_natasha
D:3:      layout_loops_ring, kennysheep_vampire_church, uniq_robin
D:4:      minmay_wonky_spiral, layout_cave_pods, minitemple,
          minmay_temple_entry_enclosed_plants, minmay_circle_x, uniq_grinder
D:5:      layout_basic, mainiacjoe_overflow_boulevard, vehumet_crystals,
          tgw_fedhas, mainiacjoe_overflow_swirl, serial_shops, shop,
          nicolae_shop_trees, nicolae_shop_advertising_works
          [nicolae_subvault_shop_adworks], shop, nicolae_lakefront_shop,
          uniq_pikel
D:6:      layout_loops_corners
D:7:      minmay_spotlight, layout_basic, gammafunk_temple_overflow_statue,
          lemuel_round_altar
D:8:      layout_basic
D:9:      gammafunk_steamed_eel, layout_basic,
          chequers_temple_overflow_minitemple, david_lair_generic,
          minmay_misc_feat_square, kennysheep_nondescript, interstate_on_off,
          grunt_decor_junction, st_stairs_2, minivault_23
D:10:     layout_long_grid
D:11:     layout_grid_maze, nicolae_gozag_zags_fifth_avenue, uniq_psyche,
          uniq_fannar

Skill      XL: |  1  2  3  4  5  6  7  8  9 10 11 |
---------------+----------------------------------+-----
Fighting       | 2 3 4 5 6 7 9 |  9.2
Armour         | 1 2 3 4 6 8 9 11 | 11.5
Maces & Flails | 3 4 5 6 9 11 | 11.3
Shields        | 4 5 |  5.0
Throwing       | |  1.7
Dodging        | |  2.1

Action                   |  1- 3 |  4- 6 |  7- 9 | 10-12 || total
-------------------------+-------+-------+-------+-------++-------
Melee: Flail             |    93 |   142 |   370 |   234 ||   839
       Tailslap          |    12 |    15 |    43 |    38 ||   108
       Punch             |       |       |     3 |       ||     3
Invok: Heroism           |       |       |       |     1 ||     1
  Use: Scroll            |       |       |    17 |     1 ||    18
       Potion            |       |       |     2 |     2 ||     4
Armor: Leather armour    |    42 |     1 |       |       ||    43
       Ring mail         |       |    99 |   229 |   110 ||   438
       Skin              |       |       |       |     8 ||     8
Dodge: Dodged            |    45 |    86 |   184 |    79 ||   394
Block: Other             |     5 |    41 |   100 |       ||   146
       Reflection        |       |     4 |     3 |     8 ||    15
       Buckler           |       |       |     2 |   107 ||   109

Table legend: (Time is in decaauts)
 A = Elapsed time spent in this place.
 B = Non-inter-level travel time spent in this place.
 C = Inter-level travel time spent in this place.
 D = Time resting spent in this place.
 E = Time spent auto-exploring this place.
 F = Levels seen in this place.
 G = Mean time per level.
                   A        B        C        D        E       F      G
               +--------+--------+--------+--------+--------+-----+--------+
         Total |  13918 |  13230 |    688 |   3323 |   8097 |  11 | 1265.3 |
       Dungeon |  13918 |  13230 |    688 |   3323 |   8097 |  11 | 1265.3 |
               +--------+--------+--------+--------+--------+-----+--------+

Top non-repeatable levels by time:
     D:8: 2154 daAuts
     D:4: 2053 daAuts
    D:10: 1604 daAuts
     D:5: 1200 daAuts
     D:7: 1186 daAuts
     D:6: 1166 daAuts
     D:3: 1093 daAuts
     D:2: 966 daAuts
     D:1: 915 daAuts
    D:11: 847 daAuts
     D:9: 728 daAuts
